← All builds
Air / Armada / Economy first / OBSERVED BUILD

Standard air

The typical Armada Air build: an early Aircraft Plant, transports and scouts made for the team, an Advanced Metal Extractor and Fusion Reactor for eco, transitioning into fighters and later Highwinds or gunships to protect allies and…

Usually transports first (64%)

#eco #air #team support · 63 distinct matches · 31 players · 74% of Armada Air games · team won 42% of 64 · Recently observed

HOW TO PLAY IT

Key timing: Aircraft Plant by 1:30

  1. Take 3 mex and open straight into wind.
  2. Get the aircraft plant up fast to start fighter production.
  3. Add an advanced mex to fund the air spam.
  4. Bring fusion online to sustain heavier air numbers.
  5. Mix in Highwind and Banshee alongside fighter spam for escorts.

Phase by phase

TYPICAL OF ITS 63 GAMES
  1. 1
  2. 2
  3. 3
PLAY THE OPENING

Follow the example game's first 6:00 step by step: what to build now, what comes next, and where it goes. At 1× it keeps pace with your own game.

  1. 1

    Up to the Aircraft Plant

    Economy
    • Metal Extractor3Mex
    • Wind Turbine5Wind
    • Energy Storage1Energy storage
    Order
    1. Aircraft PlantAircraft Plant after 3 mex, 5 wind, 1 energy storagedone ~1:30, middle half 1:15–1:44

    By 1:12 in all: 3 mex · 5 wind · 1 energy storage

    The example game in this phase · 4 steps
    1. Mex ×3
    2. Wind ×6
    3. Energy storage
    4. Aircraft PlantAircraft Plantdone 1:43 · typical 1:30
  2. 2

    Aircraft Plant to 5:00

    Economy
    • Metal Extractor1Mex
    • Wind Turbine13Wind
    Builders
    • Construction Turret2 Con turret
    • Construction Aircraft1 Con aircraft
    Army
    • Falcon6 Fighter
    • Stork2 Light transport for allies
    • Blink2 Scout plane for allies
    • Blink1 Scout plane
    • Osprey1 Heavy transport for allies

    Some games also: converter (44%) · banshee (39%) · light transport (39%) · energy storage (34%)

    By 5:00 in all: 4 mex · 17 wind · 1 energy storage · 2 con turret

    The example game in this phase · 30 steps
    1. BlinkScout plane
    2. BlinkScout plane ×2for Geo sea
    3. StorkLight transportfor Geo sea
    4. Construction AircraftCon aircraft ×2
    5. Con turret
    6. Mex
    7. Construction AircraftCon aircraft
    8. Con turret
    9. Wind ×3
    10. Con turret
    11. Wind
    12. OspreyHeavy transportfor Pond
    13. Wind ×5
    14. StorkLight transportfor Tech
    15. Converter
    16. Wind
    17. StorkLight transport
    18. Converter
    19. FalconFighter
    20. Wind
    21. Converter
    22. Wind
    23. Converter ×2
    24. Wind
    25. Converter ×2
    26. Wind
    27. Converter
    28. Wind
    29. Converter ×2
    30. Wind
  3. 3

    5:00 to 10:00

    Economy
    • Wind Turbine30Wind
    • Energy Converter9Converter
    Order
    1. Aircraft PlantAircraft Plant after 33 wind, 6 converter, 5 con turretin 63% of games
    Builders
    • Construction Turret4 Con turret
    Army
    • Falcon8 Fighter

    Some games also: con aircraft (45%) · fusion (42%) · energy storage (33%)

    By 10:00 in all: 4 mex · 47 wind · 10 converter · 1 energy storage · 6 con turret

    The example game in this phase · 400 steps
    1. Converter
    2. Wind
    3. Converter ×2
    4. Wind ×2
    5. Converter ×2
    6. Wind
    7. Converter ×2
    8. Wind ×2
    9. Converter
    10. Wind
    11. Con turret
    12. Converter
    13. Wind ×2
    14. Converter
    15. Wind ×3
    16. Converter
    17. Wind ×8
    18. Advanced Metal ExtractorT2 mex ×3done 6:35 · typical 6:48
    19. Con turret
    20. Advanced Metal ExtractorT2 mex
    21. Con turret ×5
    22. Wind
    23. Con turret
    24. Wind ×7
    25. Con turret
    26. Wind
    27. Radar TowerRadar Tower
    28. Wind ×26
    29. Con turret
    30. Wind ×11
    31. Converter
    32. Wind
    33. Con turret
    34. Wind ×7
    35. Converter
    36. Wind ×5
    37. Converter
    38. Wind ×3
    39. Converter
    40. Wind
    41. Converter
    42. Wind ×2
    43. Converter
    44. Energy storage
    45. Wind ×2
    46. Converter
    47. Wind
    48. Aircraft PlantAircraft Plantdone 9:31
    49. Wind ×2
    50. Converter
    51. Wind
    52. Converter
    53. Wind
    54. Converter
    55. Wind
    56. FalconFighter
    57. Converter
    58. Wind ×2
    59. Converter
    60. FalconFighter
    61. Wind
    62. Converter
    63. Construction AircraftCon aircraft
    64. Wind ×3
    65. Converter
    66. Wind
    67. Construction AircraftCon aircraft
    68. Wind ×2
    69. Converter
    70. Wind
    71. Construction AircraftCon aircraft
    72. Wind ×2
    73. Converter
    74. Construction AircraftCon aircraft
    75. Wind ×3
    76. Converter
    77. Construction AircraftCon aircraft
    78. Converter
    79. Wind
    80. Converter
    81. Wind
    82. Construction AircraftCon aircraft
    83. Con turret
    84. Converter
    85. Wind ×4
    86. Converter
    87. FalconFighter
    88. Con turret
    89. Wind
    90. Converter
    91. Wind
    92. FalconFighter
    93. Wind ×3
    94. FalconFighter
    95. Wind
    96. Converter
    97. Wind ×3
    98. FalconFighter
    99. Converter
    100. Wind ×2
    101. FalconFighter
    102. Converter
    103. Wind ×4
    104. FalconFighter
    105. Converter
    106. Wind ×3
    107. Converter
    108. FalconFighter
    109. Wind ×2
    110. Con turret
    111. Wind ×2
    112. Converter
    113. Wind
    114. FalconFighter
    115. Wind ×3
    116. Converter
    117. FalconFighter
    118. Wind ×3
    119. FalconFighter
    120. Converter
    121. Wind ×2
    122. FalconFighter
    123. Converter
    124. Wind ×3
    125. Con turret
    126. Wind
    127. FalconFighter
    128. Wind
    129. Converter
    130. Wind ×2
    131. Con turret
    132. Wind
    133. Converter ×2
    134. FalconFighter
    135. Wind ×2
    136. Converter
    137. FalconFighter
    138. Converter
    139. Wind ×2
    140. Converter
    141. FalconFighter
    142. Wind
    143. Converter
    144. FalconFighter
    145. Wind ×2
    146. Converter
    147. FalconFighter
    148. Wind ×4
    149. FalconFighter
    150. Wind
    151. Converter
    152. Wind ×2
    153. FalconFighter
    154. Wind
    155. Con turret
    156. Wind ×2
    157. Converter
    158. FalconFighter
    159. Wind ×3
    160. FalconFighter
    161. Wind
    162. Con turret
    163. Wind ×2
    164. Converter
    165. Wind ×4
    166. FalconFighter
    167. Wind
    168. Converter
    169. Wind
    170. FalconFighter
    171. Wind ×3
    172. Converter
    173. FalconFighter
    174. Wind ×4
    175. FalconFighter
    176. Converter
    177. Wind ×2
    178. Converter
    179. Wind
    180. FalconFighter
    181. Converter
    182. Wind ×4
    183. Converter ×2
    184. FalconFighter
    185. Wind ×2
    186. Converter
    187. FalconFighter
    188. Converter
    189. Wind
    190. FalconFighter
    191. Converter
    192. Wind
    193. Converter ×2
    194. FalconFighter
    195. Wind
    196. Converter
    197. FalconFighter
    198. Converter
    199. FalconFighter
    200. Wind ×2
    201. Converter
    202. Wind
    203. FalconFighter
    204. Wind
    205. Converter
    206. Wind ×2
    207. FalconFighter
    208. Wind ×2
    209. Converter ×2
    210. FalconFighter
    211. Wind ×2
    212. FalconFighter
    213. Wind
    214. Converter ×2
    215. FalconFighter
    216. Con turret
    217. Wind ×2
    218. Converter
    219. FalconFighter
    220. Converter
    221. Wind ×2
    222. Converter
    223. FalconFighter
    224. Con turret
    225. Converter
    226. Wind ×2
    227. FalconFighter
    228. Wind ×2
    229. FalconFighter
    230. Converter
    231. Wind
    232. FalconFighter
    233. Wind ×2
    234. Converter
    235. FalconFighter
    236. Converter
    237. FalconFighter
    238. Wind
    239. Converter ×2
    240. Wind
    241. FalconFighter
    242. Wind
    243. FalconFighter
    244. Wind
    245. Converter
    246. Wind
    247. FalconFighter
    248. Wind
    249. Converter
    250. FalconFighter
    251. Converter ×2
    252. FalconFighter
    253. Converter
    254. FalconFighter
    255. Converter ×2
    256. Wind
    257. Converter
    258. FalconFighter
    259. Wind
    260. Converter
    261. FalconFighter
    262. Wind ×3
    263. Converter ×2
    264. FalconFighter
    265. Wind ×2
    266. Converter
    267. FalconFighter
    268. Wind ×3
    269. Converter
    270. FalconFighter
    271. Converter
    272. Wind
    273. FalconFighter
    274. Wind
    275. Converter
    276. Wind ×4
    277. FalconFighter ×2
    278. Wind
    279. Converter
    280. Wind ×2
    281. FalconFighter
    282. Wind ×3
    283. Converter
    284. FalconFighter ×2
    285. Converter
    286. Wind
    287. Converter ×2
    288. FalconFighter
    289. Wind ×2
    290. FalconFighter
    291. Wind
    292. Converter ×3
    293. FalconFighter
    294. Wind
    295. FalconFighter
    296. Converter
    297. Wind ×4
    298. FalconFighter
    299. Converter
    300. Wind ×2
    301. FalconFighter
    302. Converter
    303. FalconFighter
    304. Wind
    305. Converter
    306. Wind
    307. FalconFighter
    308. Converter
    309. FalconFighter
    310. Wind ×2
    311. Construction AircraftCon aircraft
    312. Converter
    313. Wind
    314. Construction AircraftCon aircraft
    315. Wind
    316. Converter
    317. FalconFighter
    318. Wind ×4
    319. FalconFighter
    320. Wind
    321. Converter
    322. FalconFighter ×2
    323. Converter
    324. Wind
    325. Converter
    326. Wind
    327. FalconFighter
    328. Wind
    329. FalconFighter
    330. Converter
    331. Wind
    332. FalconFighter
    333. Wind
    334. Con turret
    335. Wind
    336. Converter
    337. Wind
    338. FalconFighter ×2
    339. Converter
    340. Wind ×2
    341. FalconFighter
    342. Converter
    343. FalconFighter
    344. Wind ×2
    345. FalconFighter
    346. Converter
    347. Wind
    348. Con turret
    349. FalconFighter
    350. Converter
    351. Wind
    352. FalconFighter
    353. Converter
    354. Fusion ReactorFusionnot finished by 15:00 · typical 9:55
    355. Wind ×2
    356. FalconFighter
    357. Con turret
    358. Wind
    359. Converter ×2
    360. FalconFighter
    361. Wind
    362. FalconFighter
    363. Wind
    364. Converter
    365. Wind
    366. Converter
    367. FalconFighter
    368. Wind ×2
    369. FalconFighter
    370. Converter
    371. Wind ×2
    372. FalconFighter
    373. Wind ×3
    374. Converter
    375. FalconFighter
    376. Wind ×3
    377. FalconFighter
    378. Converter
    379. Wind
    380. FalconFighter
    381. Wind ×3
    382. Converter
    383. FalconFighter
    384. Wind ×2
    385. Converter ×2
    386. Wind ×2
    387. Con turret
    388. FalconFighter
    389. Converter
    390. Wind
    391. FalconFighter
    392. Wind ×2
    393. Converter
    394. Wind
    395. Converter
    396. FalconFighter
    397. Wind ×3
    398. FalconFighter
    399. Converter
    400. Wind

Counts are medians over the build's games: half of them build more, half fewer. The example game is _X_'s (57 OS, 30/08/2026); pick another.

Team trades

IN AT LEAST 30% OF ITS GAMES

You hand over

  • Blink2 Scout plane to Geo sea or Beach seafirst at 1:56 · in 86% of games
  • Stork3 Light transport to Tech or Geo seafirst at 2:13 · in 89% of games
  • Osprey1 Heavy transport to Beach sea or Pond or Techfirst at 2:28 · in 67% of games

You get

  • Wind Turbine2–3 Wind from Beach sea or Geo seafirst at 1:27 · in 38% of games
  • Wind Turbine3 Wind from Beach sea or Geo seafirst at 1:30 · in 53% of games
  • Construction Bot1 Con bot from Techfirst at 2:28 · in 66% of games
  • Advanced Construction Bot1 T2 con bot from Techfirst at 5:53 · in 84% of games

How it plays out

Typical game of this build, running totals by minute

Metal produced

010k20k30k
0:005:0010:0015:00

metal

Enemy metal destroyed

01k2k3k
0:005:0010:0015:00

metal

Own metal lost

01k2k3k
0:005:0010:0015:00

metal

64 games.

Show as table
ByMetal produced: This buildEnemy metal destroyed: This buildOwn metal lost: This build
1:0039100
2:0092100
3:00145400
4:0020405151
5:002788102125
6:003621211190
7:005139288263
8:006970367292
9:009134375318
10:0011575421352
11:0014215606460
12:0017193984755
13:001991516421165
14:002254619011852
15:002598022902764
WHAT THE NUMBERS SAY

Standard air has the lowest team win rate of the six builds despite decent metal production, suggesting air presence alone isn't deciding these games.

  • + Metal produced reaches 25980 by 15:00, second highest of the builds shown.
  • + First kill lands early at 3:42 in 99% of games.
  • − Team win rate is only 42%, the lowest among all standard builds.
  • − Own metal lost by 15:00 reaches 2764 despite fighters being the main army.
THE EXAMPLE YOU ARE READING

_X_

57.2 OS · 30/08/2026

Open source match ↗

4 received units · includes a constructor
398 metal received · 55045 energy received

Allied construction assistance is unknown. Timings are observations, not a promise of solo reproducibility.

Typical milestones

Aircraft Plant1:30Middle 50%: 1:15–1:44 · n=64
Advanced Metal Extractor6:48Middle 50%: 6:30–7:14 · n=57
Fusion Reactor9:55Middle 50%: 9:14–11:54 · n=40

Played most by

arcsiz7games of this buildLeohvm7games of this buildDad_The_Speedrunner4games of this buildkrtf4games of this build_X_3games of this build